 Dungeon Crawl Stone Soup version 0.28-a0-769-g550dbda0cd (webtiles) character file.

Game seed: 11293469088095127410

111 timneilson the Covered (level 4, -1/29 HPs)
             Began as a Gargoyle Fighter on Oct 31, 2021.
             Slain by a gnoll (2 damage)
             ... on level 2 of the Dungeon.
             The game lasted 00:02:32 (2250 turns).

timneilson the Covered (Gargoyle Fighter)           Turns: 2250, Time: 00:02:33

Health: -1/29      AC: 10    Str: 21    XL:     4   Next: 92%
Magic:  4/4        EV: 10    Int:  8    God:
Gold:   98         SH:  4    Dex:  9    Spells: 3/3 levels left

rFire   + . .      SeeInvis .   a - +0 long sword
rCold   + . .      Faith    .   c - +0 buckler
rNeg    + . .      Spirit   .   b - +0 scale mail
rPois   ∞          Reflect  .   (no helmet)
rElec   +          Harm     .   (no cloak)
rCorr   +          Rampage  .   (no gloves)
Will    .....                   (no boots)
Stlth   ..........              (no amulet)
HPRegen 0.09/turn               (no ring)
MPRegen 0.09/turn               (no ring)

@: resistant
A: sickness immunity, AC +3, negative energy resistance 1, electricity
resistance, torment resistance 1, petrification resistance
a: no special abilities


You were on level 2 of the Dungeon.
You visited 1 branch of the dungeon, and saw 2 of its levels.

You collected 98 gold pieces.

Inventory:

Hand Weapons
 a - a +0 long sword (weapon)
Armour
 b - a +0 scale mail (worn)
 c - a +0 buckler (worn)
Scrolls
 e - 2 scrolls of summoning
 f - a scroll of vulnerability {unknown}
 j - a scroll of enchant armour {unknown}
 k - a scroll of blinking {unknown}
Potions
 d - a potion of might
 g - a potion of mutation {unknown}
 i - a potion of magic


   Skills:
 + Level 3.7 Fighting
 * Level 2.7 Long Blades
 * Level 4.1 Armour
 + Level 1.1 Dodging
 * Level 4.0 Shields


You had 3 spell levels left.
You didn't know any spells.
Your spell library was empty.

Dungeon Overview and Level Annotations

Branches:
Dungeon (2/15)

Altars:


Innate Abilities, Weirdness & Mutations

You are immune to sickness and miasma.
Your stone body is resilient. (AC +3)
You are immune to poison.
You resist negative energy. (rN+)
You are resistant to electric shocks. (rElec)
You are resistant to unholy torment.
You are immune to petrification.


Message History

No target in view!
No target in view!
No target in view!
No target in view!
No target in view!
No target in view!
No target in view!
No target in view!
k - a scroll labelled TILALI GYLELL You open the door.
A hobgoblin and a gnoll come into view.
The hobgoblin shouts!
A gnoll comes into view. It is wielding a +0 halberd.
A gnoll comes into view. It is wielding a +0 halberd.
There is an open door here.
The gnoll shouts!
A gnoll comes into view. It is wielding a +0 flail.
The gnoll shouts!
You slash the hobgoblin!
You kill the hobgoblin!
Your scale mail prevents you from hitting the gnoll.
The gnoll hits you with a +0 whip.
The gnoll hits you from afar with a +0 halberd.
Your scale mail prevents you from hitting the gnoll.
You block the gnoll's attack.
The gnoll hits you from afar with a +0 halberd!
You hit the gnoll.
The gnoll is heavily wounded.
The gnoll hits you with a +0 whip.
* * * LOW HITPOINT WARNING * * *
You block the gnoll's attack. The gnoll hits you with a +0 whip.
* * * LOW HITPOINT WARNING * * *
It was a potion of magic.
Magic courses through your body.
The gnoll hits you from afar with a +0 halberd.
* * * LOW HITPOINT WARNING * * *
The gnoll hits you but does no damage.
It was a potion of resistance.
You feel protected. The gnoll misses you. The gnoll hits you with a +0 whip.
You die...

##.## ... ... .g. .##
#g# .. #g# .# #g#
###.#### ##@## #......##
##...## #........
##.....## #..#...#
###.......##
##†.#...#.##)........###
...........'.........'.
##..#...#.##.........###
#......#.###.......##
##.###.#.# ##.....##


You could see 4 gnolls.

Vanquished Creatures
  Natasha (D:2)
  2 adders (D:2)
  A gnoll (D:1)
  2 dart slugs (D:2)
  3 ball pythons
  6 endoplasms (D:1)
  3 giant cockroaches
  A goblin (D:1)
  6 hobgoblins
  7 jackals (D:2)
  3 quokkas
  6 bats
  3 frilled lizards
  5 kobolds
  4 rats
53 creatures vanquished.

Notes
Turn   | Place    | Note
-------+----------+-------------------------------------------
     0 | D:1      | timneilson the Gargoyle Fighter began the quest for the
                  | Orb.
     0 | D:1      | Reached XP level 1. HP: 14/14 MP: 1/1
    99 | D:1      | Reached XP level 2. HP: 15/19 MP: 2/2
   202 | D:1      | You fall into a shaft and drop 1 floor!
   354 | D:2      | Reached XP level 3. HP: 20/23 MP: 3/3
   741 | D:1      | Found a faded altar of an unknown god.
  1359 | D:1      | Reached XP level 4. HP: 24/28 MP: 4/4
  1650 | D:2      | Noticed Natasha
  1661 | D:2      | Killed Natasha
  1662 | D:2      | Reached skill level 1 in Dodging
  2249 | D:2      | HP: 1/29 [gnoll (2)]
  2250 | D:2      | Slain by a gnoll

Illustrated notes

Levels and vault maps discovered:
D:1:      kilobyte_arrival_exit_the_forest, layout_basic,
          hellmonk_ecumenical_altar_heavens_door
D:2:      layout_loops_corners, uniq_natasha

Skill      XL: |  1  2  3  4 |
---------------+-------------+-----
Long Blades    | 2 |  2.7
Armour         | 4 |  4.1
Dodging        | 1 |  1.1
Shields        | 4 |  4.0
Fighting       | |  3.7

Action                   |  1- 3 |  4- 6 || total
-------------------------+-------+-------++-------
Melee: Long sword        |   124 |    53 ||   177
  Use: Scroll            |       |     4 ||     4
       Potion            |       |     2 ||     2
Armor: Scale mail        |   102 |    22 ||   124
Dodge: Dodged            |    70 |    18 ||    88
Block: Buckler           |    22 |    13 ||    35

Table legend: (Time is in decaauts)
 A = Elapsed time spent in this place.
 B = Non-inter-level travel time spent in this place.
 C = Inter-level travel time spent in this place.
 D = Time resting spent in this place.
 E = Time spent auto-exploring this place.
 F = Levels seen in this place.
 G = Mean time per level.
                   A        B        C        D        E       F      G
               +--------+--------+--------+--------+--------+-----+--------+
         Total |   2308 |   2294 |     14 |      0 |   1844 |   2 | 1154.0 |
       Dungeon |   2308 |   2294 |     14 |      0 |   1844 |   2 | 1154.0 |
               +--------+--------+--------+--------+--------+-----+--------+

Top non-repeatable levels by time:
     D:1: 1288 daAuts
     D:2: 1019 daAuts
